 Dungeon Crawl Stone Soup version 0.17.2 (webtiles) character file.

2720 Goblin1989 the Spear-Bearer (level 9, -1/68 HPs)
             Began as a Demonspawn Gladiator on June 28, 2016.
             Was a Believer of Okawaru.
             Killed by divine providence
             ... invoked by an orc priest
              (8 damage)
             ... on level 8 of the Dungeon.
             The game lasted 00:25:02 (7455 turns).

Goblin1989 the Spear-Bearer (Demonspawn Gladiator)  Turns: 7455, Time: 00:25:02

Health: -1/68      AC: 17    Str: 18    XL:     9   Next: 39%
Magic:  0/9        EV: 11    Int:  9    God:    Okawaru [**....]
Gold:   327        SH:  0    Dex: 15    Spells: 0 memorised, 8 levels left

rFire  . . .     SeeInvis .     t - +1 bardiche (venom)
rCold  . . .     Clarity  .     k - +0 chain mail
rNeg   . . .     SustAt   .     (shield currently unavailable)
rPois  +         Gourm    .     j - +1 helmet
rElec  .         Spirit   +     (no cloak)
rCorr  .         Warding  .     (no gloves)
rMut   .         Stasis   .     (no boots)
MR     .....                    (no amulet)
Stlth  ..........               (no ring)
                                o - ring of poison resistance {rPois, !d}

@: heroism, not resistant to hostile enchantments, extremely unstealthy
A: hooves 1, icy blue scales 2, magic shield
a: Heroism, Renounce Religion


You were on level 8 of the Dungeon.
You worshipped Okawaru.
Okawaru was pleased with you.
You were not hungry.

You visited 2 branches of the dungeon, and saw 9 of its levels.

You collected 327 gold pieces.

Inventory:

Hand Weapons
 a - a +0 trident
 t - a +1 bardiche of venom (weapon)
Missiles
 d - 3 throwing nets {=f, !d}
 q - 8 tomahawks
 x - 4 poisoned javelins (quivered)
Armour
 j - a +1 helmet (worn)
 k - a +0 chain mail (worn)
Jewellery
 o - a ring of poison resistance (left hand) {rPois, !d}
Wands
 c - a wand of flame (10)
 y - a wand of fireball (6)
 z - a wand of enslavement (2)
Scrolls
 b - 2 scrolls of remove curse
 f - a scroll of immolation {!r}
 g - 2 scrolls of magic mapping {!r}
 h - 4 scrolls of teleportation
 i - 2 scrolls of identify {unknown}
 n - a scroll of amnesia {unknown}
 A - 2 scrolls of enchant armour
 C - a scroll of summoning {unknown}
Potions
 l - 2 potions of haste {unknown}
 m - 2 potions of agility {unknown}
 p - a potion of cure mutation {unknown}
 r - a potion of invisibility
 v - 2 potions of heal wounds {unknown}
 D - a potion of ambrosia {!q}
 E - a potion of berserk rage {unknown}
Comestibles
 e - 5 bread rations
 s - 2 meat rations
 u - a beef jerky
 w - 3 fruits
 B - 2 chunks of flesh


   Skills:
 + Level 5.6(10.6) Fighting
 * Level 8.6(13.6) Polearms
 - Level 1.7(6.7) Throwing
 + Level 4.9(9.9) Armour
 + Level 4.7(9.7) Dodging
   Level 2.5(7.5) Shields


You had 8 spell levels left.
You didn't know any spells.

Dungeon Overview and Level Annotations

Branches:
Dungeon (8/15)             Temple (1/1) D:5
   Lair: D:8-11

Altars:
Ashenzari
Dithmenos
Elyvilon
Fedhas
Gozag
Makhleb
Nemelex Xobeh
Okawaru
Ru
Sif Muna
Trog
Xom
Yredelemnul
Zin
The Shining One

Shops:
D:4 *   D:7 :

Annotations:
D:4 Goblin1989's ghost, novice DsMo


Innate Abilities, Weirdness & Mutations

You have large cloven feet.
You are mostly covered in icy blue scales (AC +3, EV -1).
When hurt, damage is shared between your health and your magic reserves.


Message History

You slash the gnoll!
The gnoll is poisoned.
Your kick misses the gnoll. The orc priest misses you.
The gnoll hits you from afar with a halberd!
* * * LOW HITPOINT WARNING * * *
The gnoll misses you.
You take 5 damage, and have 16/68 hp.
You now have 2/9 mp.
The gnoll hits you but does no damage.
You see here a giant gecko corpse.
You kill the gnoll!
Okawaru accepts your kill.
The orc priest looks braver for a moment.
Drink which item? (? for menu, Esc to quit)
Okay, then.
The orc priest calls down the wrath of Beogh upon you.
Something smites you!
* * * LOW HITPOINT WARNING * * *
You take 9 damage, and have 7/68 hp.
You now have 1/9 mp.
The orc priest mumbles some strange prayers to Beogh against you.
Something smites you!
You die...

.#.................# ##.........,
.#................####..!.......,
..#....##############oo#........,
..#....# ##go##........,
..##...## ##o#####.......,
.###.)..##########.## *#.....(,
## #..............## *#.....,
##(............## *#...,,
##.............@# **,,,,
##...............# ***,,
#................# **,
#................## **
#.................# *
#.................#**
................##*8***
................#,_,_,* **
................#*,,,** **,


You could see an orc priest, a gnoll and an orc.

Vanquished Creatures
  Pikel (D:7)
  Prince Ribbit (D:7)
  Sigmund (D:2)
  A hippogriff (D:7)
  2 ogres
  A slave (D:7)
  2 centaurs
  A big kobold (D:8)
  A giant frog (D:8)
  A wyvern zombie (D:6)
  A gnoll sergeant (D:8)
  2 scorpions
  3 wights
  8 orc wizards
  3 crimson imps
  A hound (D:5)
  A giant frog zombie (D:5)
  Ijyb (D:2)
  3 iguanas
  5 worker ants
  2 hound zombies (D:5)
  2 worker ant zombies
  10 adders
  9 gnolls
  2 shadow imps (D:7)
  An ooze (D:3)
  A worm (D:4)
  4 giant geckos
  23 orcs
  7 bats
  6 giant cockroaches
  6 goblins
  8 hobgoblins
  7 jackals
  8 kobolds
  4 quokkas
  4 giant newts
  A jackal skeleton (D:6)
  A quokka skeleton (D:5)
  10 rats
156 creatures vanquished.

Vanquished Creatures (others)
  A sky beast (D:7)
  A slave (D:8)
  A giant frog (D:7)
  A worker ant (D:7)
  An adder (D:8)
  An orc (D:7)
6 creatures vanquished.

Grand Total: 162 creatures vanquished

Notes
Turn   | Place    | Note
--------------------------------------------------------------
     0 | D:1      | Goblin1989 the Demonspawn Gladiator began the quest for the Orb.
     0 | D:1      | Reached XP level 1. HP: 16/16 MP: 1/1
   154 | D:1      | Reached skill level 3 in Polearms
   235 | D:1      | Gained mutation: When hurt, damage is shared between your health and your magic reserves. [demonic ancestry]
   235 | D:1      | Reached XP level 2. HP: 22/22 MP: 2/2
   802 | D:2      | Gained mutation: You are partially covered in icy blue scales (AC +1). [demonic ancestry]
   802 | D:2      | Reached XP level 3. HP: 18/27 MP: 3/3
   954 | D:2      | Reached skill level 4 in Polearms
  1024 | D:2      | Noticed Ijyb
  1063 | D:2      | Killed Ijyb
  1063 | D:2      | Reached XP level 4. HP: 26/33 MP: 4/4
  1175 | D:2      | Found a basalt altar of Yredelemnul.
  1208 | D:2      | Noticed Sigmund
  1578 | D:3      | Reached skill level 5 in Polearms
  1933 | D:3      | Reached XP level 5. HP: 36/38 MP: 3/5
  2329 | D:4      | Found Iicho's Incredible Inventory.
  2412 | D:4      | Reached skill level 1 in Armour
  2709 | D:4      | Reached skill level 1 in Shields
  2811 | D:4      | Noticed Goblin1989's ghost (novice DsMo)
  2987 | D:2      | Killed Sigmund
  2987 | D:2      | Reached XP level 6. HP: 12/46 MP: 3/6
  3403 | D:4      | Noticed an ogre
  3667 | D:5      | Entered Level 5 of the Dungeon
  3833 | D:5      | Reached skill level 6 in Polearms
  3969 | D:5      | Reached XP level 7. HP: 52/52 MP: 7/7
  4347 | D:5      | Found a staircase to the Ecumenical Temple.
  4354 | Temple   | Entered the Ecumenical Temple
  4447 | Temple   | Became a worshipper of Warmaster Okawaru
  5238 | D:6      | Got a pitted dagger
  5254 | D:5      | Identified the +7 dagger of the Apocalypse {antimagic, rC+ Str+2 Dex+3} (You found it on level 6 of the Dungeon)
  5333 | D:5      | Gained mutation: You have large cloven feet. [demonic ancestry]
  5333 | D:5      | Reached XP level 8. HP: 46/60 MP: 5/8
  5403 | D:5      | Reached skill level 7 in Polearms
  5513 | D:6      | Reached * piety under Okawaru
  5643 | D:6      | Found a sacrificial altar of Ru.
  5825 | D:7      | Found Feathrokh's Book Shop.
  6440 | D:7      | Found a burning altar of Makhleb.
  6461 | D:7      | Noticed Pikel
  6487 | D:7      | Killed Pikel
  6487 | D:7      | Reached skill level 5 in Fighting
  6487 | D:7      | Reached skill level 8 in Polearms
  6487 | D:7      | Gained mutation: You are mostly covered in icy blue scales (AC +3, EV -1). [demonic ancestry]
  6487 | D:7      | Reached XP level 9. HP: 54/68 MP: 7/9
  6582 | D:7      | Noticed Prince Ribbit
  6741 | D:7      | Found a glowing silver altar of Zin.
  7010 | D:7      | Killed Prince Ribbit
  7010 | D:7      | Reached ** piety under Okawaru
  7226 | D:8      | Found a sand-covered staircase.
  7455 | D:8      | Killed from afar by an orc priest

Action                   |  1- 3 |  4- 6 |  7- 9 || total
-------------------------+-------+-------+-------++-------
Melee: Trident           |   154 |   326 |   463 ||   943
       Bardiche          |       |       |    24 ||    24
Throw: Tomahawk          |       |       |     6 ||     6
Invok: Heroism           |       |       |     4 ||     4
Evoke: Wand              |       |       |     6 ||     6
  Use: Scroll            |       |     5 |     2 ||     7
       Potion            |       |     2 |     6 ||     8
 Stab: Sleeping          |     1 |       |       ||     1
       Invisible         |       |       |     2 ||     2
  Eat: Chunk             |       |    10 |    13 ||    23
